Map: Odyssee LE

Players

Tzuyu - Winner!

  • Race: Zerg Zerg
  • League: Diamond
  • Spawn Location: 11:00

Panda

  • Race: Zerg Zerg
  • League: Platinum
  • Spawn Location: 5:00

VOD

Have the link to the VOD?

Description

Time

  • Played on: Aug. 31, 2017, 2:18 p.m.
  • Length: 3:37
Show
View Real Time Build Order
Export as new Build Order

Tzuyu Zerg - Winner!

Build Orders: Pool First 

Get SALT Encoding   

  12  0:18  Spawning Pool  
  11  0:21  Drone  
  11  0:26  Drone  
  13  0:31  Drone  
  14  0:44  Overlord  
  14  1:06  Zergling x2  
  14  1:07  Zergling x4  
  17  1:18  Zergling x2  
  18  1:23  Hatchery  
  17  1:29  Zergling x2  
  18  1:34  Queen  
  18  1:39  Drone  
  21  1:49  Overlord  
  21  2:01  Drone  
  22  2:09  Spine Crawler  
  22  2:12  Drone  
  21  2:22  Drone  
  21  2:28  Queen  
  21  2:37  Queen  
  21  2:40  Drone x2  
  21  2:44  Drone  
  25  2:56  Drone x2  
  27  3:01  Zergling x2  
  28  3:06  Zergling x4  
Show
View Real Time Build Order
Export as new Build Order

Panda Zerg 

Build Orders: Pool First 

Get SALT Encoding   

  12  0:01  Drone  
  13  0:13  Extractor  
  12  0:25  Spawning Pool  
  11  0:28  Drone  
  11  0:33  Drone  
  13  0:43  Overlord  
  13  0:51  Drone  
  14  1:02  Drone  
  15  1:06  Drone  
  16  1:12  Drone  
  16  1:17  Metabolic Boost  
  17  1:26  Queen  
  19  1:33  Zergling x2  
  19  1:38  Baneling Nest  
  19  1:43  Zergling x2  
  20  1:51  Spine Crawler  
  19  1:57  Zergling x2  
  17  2:27  Zergling x4  
  19  2:34  Zergling x6  
  22  2:43  Overlord  
  22  2:45  Baneling  
  22  3:18  Hatchery  
Tags
 
Matchup
ZvZ
Race
Zerg
Replay Pack
replays1
Spawn Locations
Cross Positions
Add a new tag
Caveats
  • Supply blocks, unpowered buildings, or Contaminate may cause inaccurate times.
  • Supply counts are checked every 10 seconds.